 Dungeon Crawl Stone Soup version 0.30-a0-29-g142975f185 (webtiles) character file.

Game seed: 4766881129549345295

142 experimilk the Chiller (level 5, -4/38 HPs)
             Began as a Draconian Ice Elementalist on Aug 27, 2022.
             Was an Initiate of Kikubaaqudgha.
             Slain by a mummy (6 damage)
             ... in an ossuary.
             The game lasted 00:16:15 (4551 turns).

experimilk the Chiller (Draconian Ice Elementalist) Turns: 4551, Time: 00:16:16

Health: -4/38      AC: 11    Str: 10    XL:     5   Next: 4%
Magic:  0/9        EV: 12    Int: 18    God:    Kikubaaqudgha [......]
Gold:   214        SH:  0    Dex: 11    Spells: 3/10 levels left

rFire   . . .      SeeInvis .    h - +6 spear "Davo" {pain, rPois}
rCold   . . .      Faith    .    (no shield)
rNeg    . . .      Spirit   .    (body armour unavailable)
rPois   +          Reflect  .    (helmet restricted)
rElec   .          Harm     .    (no cloak)
rCorr   .          Rampage  .    (no gloves)
Will    .....                    (no boots)
Stlth   ++........               (no amulet)
HPRegen 0.12/turn                (no ring)
MPRegen 0.11/turn                (no ring)

@: ice-armoured, freezing walls
A: AC +5, unfitting armour, cold-blooded
a: Renounce Religion


You were in an ossuary.
You worshipped Kikubaaqudgha.
Kikubaaqudgha was noncommittal.
You visited 1 branch of the dungeon, and saw 4 of its levels.
You also visited: Ossuary.

You collected 214 gold pieces.

Inventory:

Hand Weapons
 e - a +0 hand axe
 h - the +6 spear "Davo" (weapon) {pain, rPois}
   (You found it on level 2 of the Dungeon)

   In the hands of one skilled in necromantic magic, it inflicts extra damage on
   living creatures.
   rPois:     It protects you from poison.
Missiles
 b - 2 poisoned darts (quivered)
Magical Staves
 g - a staff of conjuration
Wands
 f - a wand of flame (8)
 j - a wand of iceblast (8)
 p - a wand of digging (1)
Scrolls
 a - a scroll of immolation
 l - a scroll of brand weapon {unknown}
 m - a scroll of torment
 n - a scroll of blinking
Potions
 c - 2 potions of curing
 d - a potion of cancellation
 i - a potion of might
 k - a potion of heal wounds
 o - a potion of mutation {unknown}


   Skills:
 - Level 1.7 Dodging
 - Level 1.7 Stealth
 - Level 3.0 Spellcasting
 * Level 5.8 Ice Magic


You had 3 spell levels left.
You knew the following spells:

 Your Spells              Type           Power      Damage    Failure   Level
a - Freeze                Ice            92%        1d10      1%          1
b - Frozen Ramparts       Ice            46%        1d7       4%          3
c - Ozocubu's Armour      Ice            23%        N/A       4%          3

Your spell library contained the following spells:

 Spells                   Type           Power      Damage    Failure   Level
 Poisonous Vapours        Pois/Air       4%         N/A       24%         2
 Dazzling Flash           Conj/Hex       4%         N/A       43%         3
 Hailstorm                Conj/Ice       13%        3d5       43%         4
 Corpse Rot               Necr/Pois/Air  2%         N/A       85%         4
 Iskenderun's Mystic Bla  Conj/Tloc      2%         2d3       85%         4
 Lightning Bolt           Conj/Air       1%         1d12      99%         5
 Starburst                Conj/Fire      1%         6d3       100%        6
 Storm Form               Tmut/Air       1%         N/A       100%        7


Dungeon Overview and Level Annotations

Branches:
Dungeon (4/15)            Ossuary (1/1)
 Temple: D:4-7

Altars:
Gozag
Kikubaaqudgha
Zin

Shops:
D:2 [

Annotations:
D:2 1 runed translucent door, Crazy Yiuf, Robin
D:3 2 transporters


Innate Abilities, Weirdness & Mutations

Your plain brown scales are hard. (AC +5)
You cannot fit into any form of body armour.
You are cold-blooded and may be slowed by cold attacks.


Message History

Press: ? - help, Dir - look around, f - activate The walls around you are covered in ice.
The mummy hits you.
The mummy resists.
The wall freezes the mummy.
The mummy hits you!
Casting: Frozen Ramparts (dangerous; 4% risk of failure)
Confirm with . or Enter, or press ? or * to list all spells.
A film of ice covers your body! The mummy barely misses you.
The mummy resists.
The wall freezes the mummy.
The mummy misses you.
Casting: Ozocubu's Armour (dangerous; 4% risk of failure)
Confirm with . or Enter, or press ? or * to list all spells.
Aiming: Freeze (safe; 1% risk of failure)
Press: ? - help, Shift-Dir - straight line, f - mummy
Aim: a mummy (moderately damaged)
You freeze the mummy.
The mummy resists.
The mummy is moderately damaged.
Unknown command.
Casting: Freeze (safe; 1% risk of failure)
Confirm with . or Enter, or press ? or * to list all spells.
Aiming: Freeze (safe; 1% risk of failure)
Press: ? - help, Shift-Dir - straight line, f/p - mummy
Aim: a mummy (moderately damaged)
You freeze the mummy but do no damage.
The mummy completely resists.
The mummy closely misses you.
The mummy resists.
The wall freezes the mummy.
The mummy closely misses you. x2
Unknown command.
Casting: Freeze (safe; 1% risk of failure)
Confirm with . or Enter, or press ? or * to list all spells.
Aiming: Freeze (safe; 1% risk of failure)
Press: ? - help, Shift-Dir - straight line, f/p - mummy
Aim: a mummy (heavily damaged)
You freeze the mummy.
The mummy resists.
The mummy is severely damaged.
Unknown command.
You closely miss the mummy.
The mummy is severely damaged.
The mummy hits you!
* * * LOW HITPOINT WARNING * * *
The mummy resists.
The wall freezes the mummy.
The mummy hits you.
You die...
Kikubaaqudgha rasps: "You have failed me!
Welcome... death!"

#####
##...##
#...M.#
#...M@#
#...M.#
#.....#
#..∩..#
#.....#
#..∩..#
#.....#
#.....#
#...^.#


You could see 3 mummies.

Vanquished Creatures
  Jessica (D:3)
  Natasha (D:4)
  3 adders
  2 worms
  A dart slug (D:1)
  An orc (D:2)
  3 endoplasms
  2 giant cockroaches
  12 goblins
  4 hobgoblins
  4 jackals (D:3)
  2 quokkas
  6 ball pythons
  A bat (D:2)
  4 frilled lizards
  4 kobolds
  7 rats
58 creatures vanquished.

Vanquished Creatures (others)
  3 fungi (D:2)
3 creatures vanquished.

Grand Total: 61 creatures vanquished

Notes
Turn   | Place    | Note
-------+----------+-------------------------------------------
     0 | D:1      | experimilk the Draconian Ice Elementalist began the quest
                  | for the Orb.
     0 | D:1      | Reached XP level 1. HP: 14/14 MP: 3/3
   235 | D:1      | Found a faded altar of an unknown god.
   389 | D:1      | Reached XP level 2. HP: 20/20 MP: 3/5
  1854 | D:2      | Identified the +6 spear "Davo" {pain, rPois}
  1864 | D:2      | Found Eqyuloit's Armour Shoppe.
  1928 | D:2      | Noticed Robin
  1937 | D:2      | Reached XP level 3. HP: 22/26 MP: 0/6
  2254 | D:2      | Found a runed translucent door.
  2255 | D:2      | Noticed Crazy Yiuf
  2262 | D:2      | Learned a level 3 spell: Frozen Ramparts
  2430 | D:2      | Learned a level 3 spell: Ozocubu's Armour
  2716 | D:2      | Reached skill level 5 in Ice Magic
  3416 | D:3      | Found a transporter.
  3534 | D:3      | Found a glowing silver altar of Zin.
  3558 | D:3      | Noticed Jessica
  3563 | D:3      | Killed Jessica
  3564 | D:3      | Reached XP level 4. HP: 33/33 MP: 1/8
  3804 | D:3      | Got the Omnibus of the Lungs
  3872 | D:3      | Found an ancient bone altar of Kikubaaqudgha.
  3895 | D:3      | Became a worshipper of Kikubaaqudgha
  4317 | D:3      | Found a transporter.
  4429 | D:3      | Found an opulent altar of Gozag.
  4456 | D:4      | Noticed Natasha
  4457 | D:4      | Found a sand-covered staircase.
  4461 | D:4      | Killed Natasha
  4464 | D:4      | Reached XP level 5. HP: 32/38 MP: 2/9
  4542 | Ossuary  | Entered an ossuary
  4551 | Ossuary  | Slain by a mummy

Illustrated notes

Levels and vault maps discovered:
D:1:      zelgadis_glass_arrival_large, layout_basic,
          shapermc_ecumenical_altar_starsandcircs,
          hangedman_abyss_or_decor_stabs
D:2:      layout_basic, serial_shops, shop, hex_large, grunt_decor_cap,
          minmay_pentomino_u2, uniq_robin, uniq_crazy_yiuf_cottage
D:3:      gammafunk_steamed_eel, layout_loops_ring,
          pdpol_temple_overflow_zin_treasury_gozag_greed,
          mainiacjoe_overflow_catwalk, kennysheep_decorative_pillar,
          uniq_jessica
D:4:      layout_rooms, bloody_trog, minmay_temple_entry_junction,
          nicolae_ossuary_entry_monument, uniq_natasha, uniq_eustachio
Ossuary:  ossuary_the_hunt_dpeg

Skill      XL: |  1  2  3  4 |
---------------+-------------+-----
Ice Magic      | 5 |  5.8
Spellcasting   | 3 |  3.0
Dodging        | |  1.7
Stealth        | |  1.7

Action                   |  1- 3 |  4- 6 || total
-------------------------+-------+-------++-------
Melee: Hand axe          |    14 |       ||    14
       Tailslap          |     3 |     1 ||     4
       Spear             |    22 |     6 ||    28
Throw: Dart              |     3 |       ||     3
 Cast: Freeze            |    48 |    15 ||    63
       Frozen Ramparts   |     6 |     8 ||    14
       Ozocubu's Armour  |     6 |     3 ||     9
Evoke: Wand              |     2 |       ||     2
  Use: Scroll            |     4 |     5 ||     9
       Potion            |     5 |       ||     5
 Stab: Sleeping          |     1 |       ||     1
Armor: Skin              |    43 |     4 ||    47
Dodge: Dodged            |    75 |     9 ||    84

Table legend: (Time is in decaauts)
 A = Elapsed time spent in this place.
 B = Non-inter-level travel time spent in this place.
 C = Inter-level travel time spent in this place.
 D = Time resting spent in this place.
 E = Time spent auto-exploring this place.
 F = Levels seen in this place.
 G = Mean time per level.
                   A        B        C        D        E       F      G
               +--------+--------+--------+--------+--------+-----+--------+
         Total |   4558 |   4410 |    148 |   1896 |   1668 |   5 |  911.6 |
       Dungeon |   4550 |   4402 |    148 |   1896 |   1668 |   4 | 1137.5 |
       Ossuary |      8 |      8 |      0 |      0 |      0 |   1 |    8.0 |
               +--------+--------+--------+--------+--------+-----+--------+

Top non-repeatable levels by time:
     D:2: 2055 daAuts
     D:1: 1368 daAuts
     D:3: 1040 daAuts
     D:4: 85 daAuts
 Ossuary: 8 daAuts
